 Dungeon Crawl Stone Soup version 0.32-a0-433-g08bcfe7efd (webtiles) character file.

Game seed: 1346711739619086639

616 jasper the Skirmisher (level 7, -10/50 HPs)
             Began as a Coglin Hunter on Feb 22, 2024.
             Mangled by Edmund
             ... wielding a +6 heavy flail
              (17 damage)
             ... on level 4 of the Dungeon.
             The game lasted 00:07:40 (4081 turns).

jasper the Skirmisher (Coglin Hunter)               Turns: 4081, Time: 00:07:40

Health: -10/50     AC:  8    Str: 11    XL:     7   Next: 45%
Magic:  7/7        EV: 12    Int:  8    God:
Gold:   245        SH:  0    Dex: 20    Spells: 6/6 levels left

rFire   . . .        a - +0 shortbow {Frauke}
rCold   + . .        (shield currently unavailable)
rNeg    . . .        c - +1 leather armour
rPois   .            (no helmet)
rElec   .            (no cloak)
rCorr   +            (no gloves)
SInv    .            (no boots)
Will    .....        (no amulet)
Stlth   ++           k - ring of resist corrosion
HPRegen 0.28/turn    r - +4 ring of protection
MPRegen 0.10/turn

%: clarity
@: immotile, revved
A: off-hand wielding, slow wielding, warmup strikes, legs shutdown, clarity,
cold resistance 1, screaming 1
a: no special abilities


You were on level 4 of the Dungeon.
You visited 1 branch of the dungeon, and saw 4 of its levels.
You also visited: Sewer.

You collected 245 gold pieces.

Inventory:

Hand Weapons
 a - a +0 shortbow (weapon) {Frauke}
 n - a +1 sling
Missiles
 d - 6 darts of dispersal
 j - 4 throwing nets
 t - 14 poisoned darts
 u - a curare-tipped dart
Armour
 c - a +1 leather armour (worn)
Jewellery
 k - a ring of resist corrosion (left grasper)
 m - a ring of protection from cold
 r - a +4 ring of protection (right grasper)
Wands
 o - a wand of paralysis (19)
Scrolls
 b - a scroll of butterflies
 f - 4 scrolls of enchant armour
 g - a scroll of vulnerability
 h - 3 scrolls of enchant weapon
 l - a scroll of revelation
 y - a scroll of identify
Potions
 e - a potion of magic
 i - 2 potions of berserk rage
 p - 3 potions of might
 q - 2 potions of heal wounds
 s - a potion of attraction {unknown}
 v - a potion of brilliance {unknown}
 w - 2 potions of mutation
 x - a potion of haste {unknown}
 z - a potion of resistance {unknown}


   Skills:
 - Level 2.0 Fighting
 + Level 8.1 Ranged Weapons
 - Level 1.7 Dodging
 - Level 0.7 Stealth


You had 6 spell levels left.
You didn't know any spells.
Your spell library contained the following spells:

 Spells                   Type           Power      Damage    Failure   Level
 Kiss of Death            Conj/Necr      0%         2d5       50%         1
 Shock                    Conj/Air       0%         1d3       50%         1
 Slow                     Hex            0%         N/A       50%         1
 Cigotuvi's Dreadful Rot  Necr/Alch/Air  0%         N/A       65%         2
 Confusing Touch          Hex            0%         N/A       86%         3
 Fugue of the Fallen      Necr           0%         N/A       86%         3
 Swiftness                Air            0%         N/A       86%         3
 Airstrike                Air            0%         2d(0-16)  99%         4
 Cause Fear               Hex            0%         N/A       99%         4
 Dispel Undead            Necr           0%         3d6       99%         4
 Fireball                 Conj/Fire      0%         3d3       100%        5
 Dragon's Call            Summ           0%         N/A       100%        9


Dungeon Overview and Level Annotations

Branches:
Dungeon (4/15)              Sewer (visited)
 Temple: D:4-7

Altars:
Sif Muna

Annotations:
D:4 Edmund


Innate Abilities, Weirdness & Mutations

You can wield a second weapon in your off-hand.
It takes a long time for you to wield or remove held weapons.
Your first few attacks do less damage.
Attacking and casting redirects power from your legs.
You possess an exceptional clarity of mind.
Your flesh is cold resistant. (rC+)
You occasionally shout uncontrollably at your foes.


Message History

Edmund is severely wounded.
Fire: a) +0 shortbow {Frauke}
Press: ? - help, Q - select action, (/) - cycle Shift-Dir - straight line, f/p - Edmund
Aim: Edmund, wielding a +6 heavy flail and wearing a +0 ring mail (severely wounded, 70% to hit)
You shoot an arrow. The arrow closely misses Edmund.
Edmund hits you with a +6 heavy flail!!
* * * LOW HITPOINT WARNING * * *
You take 19 damage, and have 9/50 hp.
MASSIVE DAMAGE!!
Fire: a) +0 shortbow {Frauke}
Press: ? - help, Q - select action, (/) - cycle Shift-Dir - straight line, f/p - Edmund
Aim: Edmund, wielding a +6 heavy flail and wearing a +0 ring mail (severely wounded, 70% to hit)
You shoot an arrow. The arrow hits Edmund.
Edmund is severely wounded.
Edmund closely misses you.
You feel much better.
You are no longer unable to travel.
Edmund misses you.
You regained 16 hp, and now have 25/50 hp.
Fire: a) +0 shortbow {Frauke}
Press: ? - help, Q - select action, (/) - cycle Shift-Dir - straight line, f/p - Edmund
Aim: Edmund, wielding a +6 heavy flail and wearing a +0 ring mail (severely wounded, 70% to hit)
You shoot an arrow. The arrow hits Edmund.
Edmund is severely wounded.
Fire: a) +0 shortbow {Frauke}
Press: ? - help, Q - select action, (/) - cycle Shift-Dir - straight line, f/p - Edmund
Aim: Edmund, wielding a +6 heavy flail and wearing a +0 ring mail (severely wounded, 70% to hit)
You shoot an arrow.
The arrow hits Edmund but does no damage.
Edmund is severely wounded.
Edmund hits you with a +6 heavy flail!!
* * * LOW HITPOINT WARNING * * *
You take 19 damage, and have 7/50 hp.
MASSIVE DAMAGE!!
Fire: a) +0 shortbow {Frauke}
Press: ? - help, Q - select action, (/) - cycle Shift-Dir - straight line, f/p - Edmund
Aim: Edmund, wielding a +6 heavy flail and wearing a +0 ring mail (severely wounded, 70% to hit)
You shoot an arrow. The arrow hits Edmund.
Edmund is almost dead.
Edmund hits you with a +6 heavy flail!
You die...
Edmund whines, "They better pay attention to me now!"

.###.###.........#..#
<####.#.########....#
.#####.## ##.#.#
.......# #.#.###
.#####.# #.....# .##
#.#*** ##.....## .##
#.#*.######.......#
.##
#.#,#....)@.......#
.##
#.#*,**####@......#
.#####.#*,* ##.....##
.......#*,* ##...##
.#######*,* ##.##
.### *,* #####.# ...#
*,* #.....# ##.# *,*
#.##### #.# *,****#.#
#.# *>,,,*#.#


You could see Edmund.

Vanquished Creatures
  2 kobold brigands (Sewer)
  A bombardier beetle (D:3)
  2 orc priests (D:4)
  A hound (D:4)
  5 orc wizards
  4 gnolls (D:4)
  8 adders
  3 ribbon worms
  13 orcs
  9 ball pythons
  7 endoplasms
  5 giant cockroaches
  3 goblins
  7 hobgoblins
  16 kobolds
  3 quokkas (D:2)
  8 bats
  5 frilled lizards
  5 rats
107 creatures vanquished.

Notes
Turn   | Place    | Note
-------+----------+-------------------------------------------
     0 | D:1      | jasper the Coglin Hunter began the quest for the Orb.
     0 | D:1      | Reached XP level 1. HP: 16/16 MP: 1/1
    51 | D:1      | Reached skill level 4 in Ranged Weapons
    51 | D:1      | Reached XP level 2. HP: 22/22 MP: 2/2
   118 | D:1      | Found a faded altar of an unknown god.
   656 | D:2      | Reached XP level 3. HP: 27/27 MP: 3/3
   983 | D:2      | Reached skill level 5 in Ranged Weapons
   983 | D:2      | Reached XP level 4. HP: 26/33 MP: 4/4
  1458 | D:2      | Got the Incunable of Misfortune and Malevolent Spells
  1768 | D:3      | Reached XP level 5. HP: 32/38 MP: 5/5
  2405 | D:3      | Reached skill level 6 in Ranged Weapons
  2452 | D:3      | Found a glowing drain.
  2461 | Sewer    | Entered a sewer
  2504 | Sewer    | Noticed a kobold brigand
  2513 | Sewer    | Gained mutation: You occasionally shout uncontrollably at
                  | your foes. [potion of mutation]
  2513 | Sewer    | Gained mutation: Your flesh is cold resistant. (rC+)
                  | [potion of mutation]
  2513 | Sewer    | Gained mutation: You possess an exceptional clarity of
                  | mind. [potion of mutation]
  2543 | Sewer    | Killed a kobold brigand
  2544 | Sewer    | Reached XP level 6. HP: 5/44 MP: 6/6
  2929 | Sewer    | Reached skill level 7 in Ranged Weapons
  3218 | D:3      | Found a shimmering blue altar of Sif Muna.
  3319 | D:4      | Reached XP level 7. HP: 37/50 MP: 7/7
  3746 | D:4      | Reached skill level 8 in Ranged Weapons
  4067 | D:4      | Noticed Edmund
  4081 | D:4      | Mangled by Edmund

Illustrated notes

Levels and vault maps discovered:
D:1:      grunt_arrival_lava_bath, layout_loops_ring,
          shapermc_ecumenical_altar_acropolis, st_stairs_9
D:2:      layout_basic
D:3:      layout_loops_ring, led_sif_book, portal_sewer_entry_d,
          nicolae_concentric_dashed_squares_wild
D:4:      layout_loops_ring, uniq_edmund

Skill      XL: |  1  2  3  4  5  6  7 |
---------------+----------------------+-----
Ranged Weapons | 4 5 6 7 8 |  8.1
Fighting       | |  2.0
Dodging        | |  1.7
Stealth        | |  0.7

Action                     |  1- 3 |  4- 6 |  7- 9 || total
---------------------------+-------+-------+-------++-------
   Fire: Shortbow          |   106 |   250 |   121 ||   477
    Use: Scroll            |       |     9 |     2 ||    11
         Potion            |       |     6 |     1 ||     7
 Armour: Leather armour    |    25 |    82 |    39 ||   146
         Skin              |       |    66 |       ||    66
  Dodge: Dodged            |    20 |    91 |    29 ||   140

Table legend: (Time is in decaauts)
 A = Elapsed time spent in this place.
 B = Non-inter-level travel time spent in this place.
 C = Inter-level travel time spent in this place.
 D = Time resting spent in this place.
 E = Time spent auto-exploring this place.
 F = Levels seen in this place.
 G = Mean time per level.
                   A        B        C        D        E       F      G
               +--------+--------+--------+--------+--------+-----+--------+
         Total |   4186 |   4115 |     71 |    264 |   3035 |   5 |  837.2 |
       Dungeon |   3558 |   3487 |     71 |    118 |   2746 |   4 |  889.5 |
         Sewer |    627 |    627 |      0 |    146 |    288 |   1 |  627.0 |
               +--------+--------+--------+--------+--------+-----+--------+

Top non-repeatable levels by time:
     D:2: 1200 daAuts
     D:3: 983 daAuts
     D:4: 786 daAuts
   Sewer: 627 daAuts
     D:1: 588 daAuts
